 Dungeon Crawl Stone Soup version 0.28-a0-1235-g7c8fac35f0 (webtiles) character file.

Game seed: 10714053450720209017

273162 freelancePsychic the Lord of Darkness (level 19, -8/155 HPs)
             Began as a Demonspawn Earth Elementalist on Dec 24, 2021.
             Was the Champion of Kikubaaqudgha.
             Killed from afar by a tengu reaver (38 damage)
             ... with a bolt of poison
             ... led by Sojobo
             ... on level 2 of the Crypt.
             The game lasted 02:53:01 (53547 turns).

freelancePsychic the Lord of Darkness (DsEE)       Turns: 53547, Time: 02:53:01

Health: -8/155     AC: 23    Str: 10    XL:     19   Next: 88%
Magic:  33/37      EV: 18    Int: 23    God:    Kikubaaqudgha [******]
Gold:   1158       SH:  4    Dex: 16    Spells: 6/47 levels left

rFire   + + .      SeeInvis +   a - +7 demon whip (pain)
rCold   + . .      Faith    .   (no shield)
rNeg    . . .      Spirit   .   B - +3 fire dragon scales {Xtahua}
rPois   .          Reflect  .   m - +0 hat {SInv}
rElec   .          Harm     .   e - +2 cloak
rCorr   .          Rampage  .   (gloves unavailable)
Will    ++...      Archmagi +   o - +2 pair of boots
Stlth   ++........              Q - amulet of magic regeneration
HPRegen 0.35/turn               U - ring of the Mage {Wiz Archmagi}
MPRegen 0.65/turn               K - ring "Jureus" {*Corrode rC+ Will+ Str+2}

@: brilliant, lethally poisoned (-8 -> -22), about to teleport
A: icemail 1, powered by pain 2, sturdy frame 3, condensation shield, demonic
touch 3, horns 1, cold resistance 1, noise suppression
}: 1/15 runes: barnacled
a: Renounce Religion, Receive Corpses, Torment


You were on level 2 of the Crypt.
You worshipped Kikubaaqudgha.
Kikubaaqudgha was exalted by your worship.
You visited 8 branches of the dungeon, and saw 35 of its levels.
You visited 1 bazaar.
You also visited: Gauntlet, Ice Cave and Volcano.

You collected 3981 gold pieces.
You spent 2823 gold pieces at shops.

Inventory:

Hand Weapons
 a - a +7 demon whip of pain (weapon)
 X - a +9 dagger of pain
Missiles
 c - 491 stones
Armour
 d - a +0 kite shield of cold resistance
 e - a +2 cloak (worn)
 m - a +0 hat of see invisible (worn)
 o - a +2 pair of boots (worn)
 B - +3 fire dragon scales (worn) {Xtahua}
 J - a +4 troll leather armour
Magical Staves
 M - a staff of poison
 R - a staff of earth
Jewellery
 f - the macabre finger necklace {rN+}
   (You found it on level 13 of the Dungeon)

   [amulet of nothing]

   It enables you to equip an extra ring.
   rN:        It protects you from negative energy.
 s - a ring of fire
 t - a ring of ice
 y - the ring of Untruth {rPois Str+4 Stlth+}
   (You found it on level 4 of the Shoals)

   [ring of poison resistance]

   Str:       It affects your strength (+4).
   rPois:     It protects you from poison.
   Stlth:     It makes you more stealthy.
 K - the ring "Jureus" (right hand) {*Corrode rC+ Will+ Str+2}
   (You found it in a Gauntlet)

   [ring of willpower]

   Str:       It affects your strength (+2).
   rC:        It protects you from cold.
   *Corrode:  It may corrode you when you take damage.
   Will:      It increases your willpower.
 L - the ring of Eternal Harmony {Ice *Corrode Dex+7}
   (You found it in a Gauntlet)

   [ring of ice]

   It enhances your ice magic.
   Dex:       It affects your dexterity (+7).
   rF:        It makes you vulnerable to fire.
   rC:        It protects you from cold.
   *Corrode:  It may corrode you when you take damage.
 O - a ring of protection from fire
 Q - an amulet of magic regeneration (around neck)
 U - the ring of the Mage (left hand) {Wiz Archmagi}
   (You bought it in a shop on level 11 of the Dungeon)

   [ring of wizardry]

   It improves your spell success rate.
   Archmagi:  It increases the power of your magical spells.
 Y - an amulet of the acrobat
 Z - a +6 ring of dexterity
Wands
 r - a wand of acid (17)
 u - a wand of polymorph (5)
 D - a wand of paralysis (12)
 E - a wand of flame (15)
 F - a wand of charming (8)
 T - a wand of iceblast (6)
 V - a wand of mindburst (4)
Scrolls
 j - 10 scrolls of amnesia
 k - 11 scrolls of teleportation {@r4}
 l - 2 scrolls of summoning
 p - 2 scrolls of silence
 q - 5 scrolls of fog
 x - a scroll of magic mapping
 G - 3 scrolls of immolation
 P - 21 scrolls of identify {@r1}
Potions
 b - 3 potions of magic
 g - 3 potions of lignification
 h - 6 potions of haste {@q3}
 i - 4 potions of might
 n - 10 potions of curing {@q1}
 v - 6 potions of heal wounds {@q2}
 w - a potion of berserk rage
 z - 2 potions of resistance
 A - 2 potions of brilliance
 C - 6 potions of mutation
 H - 3 potions of ambrosia
 I - 5 potions of flight
 N - 3 potions of invisibility
 S - 4 potions of cancellation
 W - 5 potions of attraction


   Skills:
 - Level 15.0 Fighting
 - Level 4.5 Short Blades
 - Level 5.6 Maces & Flails
 + Level 4.8 Armour
 - Level 12.9 Dodging
 - Level 1.7 Stealth
 - Level 4.0 Shields
 - Level 14.6 Spellcasting
 - Level 6.6 Conjurations
 - Level 14.4 Summonings
 - Level 17.3 Necromancy
 - Level 0.8 Transmutations
 * Level 10.8 Fire Magic
 - Level 10.3 Earth Magic


You had 6 spell levels left.
You knew the following spells:

 Your Spells              Type           Power      Damage    Failure   Level
a - Animate Dead          Necr           60%        N/A       1%          4
b - Haunt                 Necr/Summ      58%        N/A       2%          7
c - Borgnjor's Vile Clut  Necr/Erth      55%        N/A       1%          5
d - Summon Cactus Giant   Summ           56%        N/A       1%          6
e - Dispel Undead         Necr           100%       3d31      1%          4
f - Monstrous Menagerie   Summ           56%        N/A       4%          7
h - Infestation           Necr           60%        N/A       12%         8

Your spell library contained the following spells:

 Spells                   Type           Power      Damage    Failure   Level
 Pain                     Necr           100%       1d9       0%          1
 Call Imp                 Summ           100%       N/A       0%          2
 Sublimation of Blood     Necr           100%       N/A       0%          2
 Vampiric Draining        Necr           100%       2d13      0%          3
 Foxfire                  Conj/Fire      100%       2x1d9     1%          1
 Magic Dart               Conj           100%       1d8       1%          1
 Sandblast                Erth           100%       2d20      1%          1
 Corpse Rot               Necr/Air       100%       N/A       1%          2
 Passwall                 Tmut/Erth      64%        N/A       1%          2
 Scorch                   Fire           100%       2d10      1%          2
 Searing Ray              Conj           100%       2d8       1%          2
 Static Discharge         Conj/Air       64%        N/A       1%          2
 Stone Arrow              Conj/Erth      100%       3d13      1%          3
 Animate Armour           Summ/Erth      100%       N/A       1%          4
 Flame Wave               Conj/Fire      91%        2d13      1%          4
 Summon Ice Beast         Ice/Summ       85%        N/A       1%          4
 Summon Lightning Spire   Summ/Air       85%        N/A       1%          4
 Agony                    Necr           100%       N/A       1%          5
 Excruciating Wounds      Necr           60%        N/A       1%          5
 Lee's Rapid Deconstruct  Erth           49%        3d24*     1%          5
 Death Channel            Necr           60%        N/A       1%          6
 Apportation              Tloc           74%        N/A       2%          1
 Mephitic Cloud           Conj/Pois/Air  57%        N/A       2%          3
 Petrify                  Tmut/Erth      77%        N/A       2%          4
 Ensorcelled Hibernation  Hex/Ice        74%        N/A       3%          2
 Summon Mana Viper        Hex/Summ       85%        N/A       3%          5
 Ozocubu's Armour         Ice            37%        N/A       6%          3
 Tukima's Dance           Hex            37%        N/A       6%          3
 Fulminant Prism          Conj/Hex       32%        3d16      6%          4
 Iskenderun's Mystic Bla  Conj/Tloc      64%        2d13      6%          4
 Lightning Bolt           Conj/Air       32%        1d49      16%         5
 Alistair's Intoxication  Tmut/Pois      28%        N/A       43%         5
 Conjure Ball Lightning   Conj/Air       32%        3x3d10    61%         6
 Eringya's Noxious Bog    Tmut/Pois      21%        N/A       92%         6
 Ignition                 Fire           50%        3d14      82%         8
 Death's Door             Necr           60%        N/A       83%         9
 Necromutation            Tmut/Necr      46%        N/A       96%         8
 Lehudib's Crystal Spear  Conj/Erth      45%        10d11     98%         8
 Ozocubu's Refrigeration  Ice            18%        4d8       100%        7
 Discord                  Hex            18%        N/A       100%        8
 Disjunction              Tloc           18%        N/A       100%        8


Dungeon Overview and Level Annotations

Branches:
Dungeon (15/15)            Temple (1/1) D:7            Lair (6/6) D:9
 Shoals (4/4) Lair:3       Spider (1/4) Lair:2        Slime (0/5) Lair:5
    Orc (2/2) D:12            Elf (0/3) Orc:2        Vaults (4/5) D:14
  Crypt (2/3) Vaults:2     Depths (0/4) D:15          IceCv (visited)
Volcano (visited)         Gauntlet (visited)

Altars:
Cheibriados
Dithmenos
Elyvilon
Fedhas
Gozag
Hepliaklqana
Kikubaaqudgha
Makhleb
Nemelex Xobeh
Qazlal
Ru
Sif Muna
Trog
Uskayaw
Vehumet
Wu Jian
Xom
Yredelemnul
Zin
The Shining One
Beogh

Shops:
D:4 =   D:10 (   D:11 =   Orc:1 (   Orc:2 [(!=   Shoals:1 *   Vaults:1 *

Portals:
Wizlab: Crypt:2

Annotations:
D:3 2 transporters
D:5 2 transporters, JamezByez's ghost, amateur MiBe
D:8 Harold; Maurice
Lair:2 exclusion: oklob plant
Lair:4 1 runed translucent door, exclusion: oklob plant, Aluic's ghost, adept MiBe
Spider:1 Kirke; Nikola
Vaults:2 Mennas
Crypt:2 Sojobo


Innate Abilities, Weirdness & Mutations

A meltable icy envelope protects you from harm. (AC +4)
You sometimes gain power by taking damage.
Your movements are significantly less encumbered by armour. (ER -6)
A meltable shield of frost defends you. (SH +4)
Your touch may irresistibly damage your foes and sap their willpower.
You have a pair of small horns on your head.
Your flesh is cold resistant. (rC+)
You passively dampen the noise of your surroundings.


Message History

You feel a strong surge of power!
The jiangshi is dispelled!!
The jiangshi claws you but does no damage.
The jiangshi claws you!
* * * LOW HITPOINT WARNING * * *
The jiangshi draws strength from your injuries!
Sojobo, Queen of Tengu comes into view.
She is wielding a +5 vorpal triple sword and wearing a +1 ring mail of positive energy.
The jiangshi claws you.
* * * LOW HITPOINT WARNING * * *
The jiangshi draws strength from your injuries!
The jiangshi claws you but does no damage.
The blink frog zombie barely misses you.
Okay, then.
You feel much better. The jiangshi closely misses you.
The jiangshi barely misses you.
The blink frog zombie hits you but does no damage.
You feel much better. The blink frog zombie misses you.
A sphinx skeleton comes into view.
As you read the scroll of teleportation {@r4}, it crumbles to dust.
You feel strangely unstable. The blink frog zombie hits you.
A brief shower of sparks shoots from Sojobo's claws.
The jiangshi claws you but does no damage.
The jiangshi claws you!!
* * * LOW HITPOINT WARNING * * *
The jiangshi draws strength from your injuries!
A tengu reaver comes into view.
It is wielding a +0 war axe and wearing a +1 buckler of poison resistance.
The blink frog zombie completely misses you.
You hear a chilling moan.
A dream sheep skeleton comes into view.
The jiangshi claws you.
* * * LOW HITPOINT WARNING * * *
The jiangshi draws strength from your injuries!
The jiangshi closely misses you.
The tengu reaver gestures at you while chanting.
The bolt of poison hits the blink frog zombie.
The blink frog zombie completely resists.
The bolt of poison hits the jiangshi.
The jiangshi completely resists.
The bolt of poison hits you!!!
You are poisoned.
You die...
Kikubaaqudgha rasps: "You have failed me!
Welcome... death!"

,,* *[.# **,,,,,,,,,, ,,*
##..# *,,,,,,,,,,, ,,*
#...##*,,,,,,,,,,, ,,*
#...Q,+,,,,,,,,,,, ***
#...,,+,,,,,,,,,,, *
#Z.#***,,,,,,,,,,,
************** #QZ#
**,,,,,,,,,,
,,,,,,,,,,,,,**#V.#
****++***++
,,,,,,,,,,,,,,*#@.#*******,,*
*,,
,,,,,,,,,,,,,,,+....Z...,,,,*
*,,
,,,,,,,,,,,,,,,+........,,,,*
*<,
,,,,,,,,,,,,,,,#...#####*,,,*
*,, ,,,,,,,,,,,,,,,##..#
*,,,* *,,
,,,,,,,,,,,,,,,**..# *,,,*
*,, ,,,,,,,,,,,,,,***..#
*,,,***,, ,,,,,,,,,,,,,**
*..# *,,,,,,,, ****++**+**++*
*,,* *,,,,,,,,


You could see Sojobo (repels missiles), a tengu reaver, a jiangshi, a blink frog
zombie, a sphinx skeleton and a dream sheep skeleton.

Vanquished Creatures
  Frederick (Vaults:3)
  Frances (Shoals:2)
  Ilsuiw (Shoals:3)
  A revenant (Vaults:2)
  A frost giant (IceCv)
  4 vault wardens
  An orc warlord (Vaults:1)
  A curse skull (Crypt:1)
  3 ironbound preservers
  2 very ugly things
  2 stone giants
  A caustic shrike skeleton (Crypt:1)
  A minotaur (Gauntlet)
  8 dire elephants (Vaults:1)
  A white draconian (IceCv)
  2 entropy weavers
  Snorg (Lair:6)
  A fire dragon (Lair:6)
  2 jiangshi
  A crystal guardian (Vaults:3)
  3 merfolk javelineers
  2 yaktaur captains
  2 merfolk impalers (Shoals:4)
  Fannar (Lair:2)
  2 vault guards (Vaults:1)
  5 boulder beetles
  2 ice dragons (IceCv)
  A catoblepas (Lair:6)
  A spriggan skeleton (Crypt:1)
  A peacekeeper (Vaults:2)
  7 hydras
  9 centaur warriors
  A merfolk aquamancer (Shoals:4)
  12 ironbound frosthearts
  2 dancing weapons (D:14)
  8 two-headed ogres
  A satyr (Shoals:4)
  20 death yaks
  3 vampire magi
  A tengu warrior (D:13)
  Nergalle (Lair:2)
  A titan skeleton (Crypt:1)
  2 skeletal warriors (D:15)
  5 nameless horrors
  7 sea snakes
  4 deep trolls
  An iron giant zombie (Crypt:1)
  An anaconda zombie (Crypt:1)
  A storm dragon skeleton (D:15)
  A shadow dragon zombie (D:15)
  A phantasmal warrior (D:14)
  An orange crystal statue (IceCv)
  2 orc knights
  2 wizards
  Pikel (D:8)
  2 lindwurms
  5 harpies
  6 ironbound convokers
  3 necromancers
  3 deep elf pyromancers
  2 salamanders (Volcano)
  21 manticores
  6 oklob plants
  An eleionoma zombie (Crypt:1)
  A faun (Shoals:2)
  12 ugly things
  12 cyclopes
  A stone giant zombie (Crypt:1)
  2 merfolk sirens
  2 frost giant zombies
  9 elephants
  3 black mambas
  4 vault sentinels
  A water nymph (Shoals:4)
  3 molten gargoyles (Volcano)
  An unseen horror (D:13)
  11 cane toads
  4 gargoyles (Volcano)
  A cane toad (shapeshifter) (D:13)
  2 kobold demonologists
  9 rime drakes
  A redback zombie (Crypt:2)
  An alligator snapping turtle skeleton (Crypt:1)
  8 komodo dragons
  Psyche (D:8)
  4 efreet
  2 tengu conjurers (D:14)
  4 freezing wraiths
  7 yaktaurs
  A bunyip simulacrum (Crypt:1)
  A white draconian skeleton (Crypt:1)
  A sea snake skeleton (Crypt:1)
  11 merfolk
  2 trolls
  11 polar bears
  3 wind drakes
  8 slime creatures
  10 blink frogs
  13 dream sheep
  6 snapping turtles
  4 flying skulls (Crypt:2)
  A vampire (D:10)
  A redback (Vaults:3)
  38 yaks
  2 water elementals
  4 wyverns
  2 wraiths
  Grum (D:8)
  2 vampire mosquitoes (D:8)
  12 basilisks
  A naga zombie (Crypt:1)
  3 wargs
  4 acid dragons
  12 water moccasins
  A tengu zombie (D:15)
  32 orc warriors
  Duvessa (D:5)
  A sky beast (D:7)
  3 black bears
  2 ice beasts
  2 swamp drakes (Lair:6)
  3 necrophages (Lair:3)
  11 wolves
  4 centaurs
  6 boggarts
  3 ogres
  A phantom (D:6)
  3 lemures
  A kobold brigand (D:11)
  15 bullfrogs
  A wyvern zombie (D:6)
  A water moccasin zombie (D:6)
  7 scorpions
  Dowan (D:5)
  2 water moccasin skeletons (D:6)
  7 killer bees (D:11)
  8 howler monkeys
  3 wights (D:8)
  3 electric eels (Lair:3)
  3 bullfrog zombies (D:6)
  3 centaur zombies
  17 orc priests
  4 gnoll shamans
  2 hounds
  5 jellies
  A bullfrog skeleton (D:6)
  6 iguanas
  17 orc wizards
  A killer bee zombie (D:7)
  A deep dwarf skeleton (Crypt:1)
  A demigod skeleton (Crypt:2)
  A howler monkey zombie (D:6)
  16 gnolls
  A howler monkey skeleton (D:7)
  6 adders
  3 ufetubi
  A halfling zombie (Crypt:2)
  An adder skeleton (D:4)
  3 worms
  5 dart slugs
  80 orcs
  7 bats
  10 endoplasms
  8 giant cockroaches
  6 goblins
  7 hobgoblins
  7 jackals
  5 quokkas
  7 ball pythons
  4 frilled lizards
  14 kobolds
  2 rats
837 creatures vanquished.

Vanquished Creatures (collateral kills)
  Mara (Shoals:4)
  Xtahua (Vaults:3)
  Jorgrun (D:14)
  Polyphemus (Shoals:2)
  An ancient champion (Vaults:2)
  A kraken (Shoals:2)
  Donald (Shoals:4)
  A fire giant (Vaults:1)
  2 frost giants
  A vault warden (Vaults:1)
  2 orc warlords
  5 ironbound preservers
  A war gargoyle (Vaults:1)
  3 ironbound thunderhulks
  10 very ugly things
  17 dire elephants
  5 merfolk impalers
  2 merfolk javelineers (Shoals:4)
  A crystal guardian (Vaults:3)
  A hydra (D:13)
  A yaktaur captain (Vaults:2)
  3 ice dragons (IceCv)
  2 boulder beetles
  An ironbound frostheart (IceCv)
  2 alligator snapping turtles
  3 merfolk avatars
  4 ogre magi
  2 death knights
  3 peacekeepers
  7 centaur warriors
  A catoblepas (Shoals:1)
  3 merfolk aquamancers
  10 two-headed ogres
  11 death yaks
  18 deep trolls
  5 sea snakes
  3 ironbound convokers
  A swamp dragon (Lair:6)
  3 nameless horrors
  An orc knight (D:15)
  2 deep elf pyromancers (D:12)
  3 lindwurms
  8 wizards
  7 harpies
  A necromancer (Crypt:1)
  4 cyclopes
  2 fauns (Shoals:2)
  16 ugly things
  11 manticores
  7 merfolk sirens
  10 slime creatures
  3 water nymphs
  11 elephants
  An alligator snapping turtle zombie (Crypt:1)
  A gargoyle (D:13)
  A black mamba (Lair:4)
  9 vault sentinels
  A torpor snail (Lair:6)
  3 rime drakes (IceCv)
  9 yaktaurs
  2 komodo dragons (Lair:6)
  2 trolls
  6 wind drakes
  15 merfolk
  6 blink frogs
  5 polar bears (IceCv)
  4 dream sheep
  5 snapping turtles
  A vampire (D:11)
  A shadow (D:11)
  5 water elementals
  2 wyverns
  3 basilisks
  6 yaks
  2 wargs (D:15)
  An acid dragon (D:11)
  A water moccasin (Lair:3)
  9 orc warriors
  A black bear (Lair:5)
  7 ogres
  2 wolves (Lair:6)
  2 centaurs
  A killer bee (D:11)
  3 orc priests
  6 orc wizards
  16 orcs
  3 kobolds
  2 plants
  3 tentacles
374 creatures vanquished.

Vanquished Creatures (others)
  2 elephants (Lair:5)
  A merfolk siren (Shoals:4)
  A water elemental (Shoals:3)
  67 fungi
  181 plants
  11 tentacles
  A withered plant (D:6)
264 creatures vanquished.

Grand Total: 1475 creatures vanquished

Notes
Turn   | Place    | Note
-------+----------+-------------------------------------------
     0 | D:1      | freelancePsychic the Demonspawn Earth Elementalist began
                  | the quest for the Orb.
     0 | D:1      | Reached XP level 1. HP: 13/13 MP: 3/3
   343 | D:1      | Gained mutation: You sometimes gain a little power by
                  | taking damage. [demonic ancestry]
   343 | D:1      | Reached XP level 2. HP: 17/19 MP: 0/5
   475 | D:1      | Reached skill level 1 in Conjurations
  1382 | D:1      | Gained mutation: You sometimes gain power by taking damage.
                  | [demonic ancestry]
  1382 | D:1      | Reached XP level 3. HP: 24/24 MP: 4/6
  2011 | D:2      | Learned a level 3 spell: Stone Arrow
  2484 | D:2      | Reached XP level 4. HP: 13/30 MP: 4/8
  3078 | D:3      | Found a transporter.
  3079 | D:3      | Found a transporter.
  3468 | D:3      | Found a shimmering altar of Xom.
  3477 | D:3      | Found a shimmering altar of Xom.
  3478 | D:3      | Found a shimmering altar of Xom.
  3541 | D:3      | You fall into a shaft and drop 1 floor!
  3833 | D:3      | Found a faded altar of an unknown god.
  4071 | D:4      | Gained mutation: A meltable shield of frost defends you.
                  | (SH +4) [demonic ancestry]
  4071 | D:4      | Reached XP level 5. HP: 36/36 MP: 6/9
  4144 | D:4      | Reached skill level 1 in Fighting
  4357 | D:4      | Found Zuamn's Jewellery Shoppe.
  4927 | D:5      | Entered Level 5 of the Dungeon
  4938 | D:5      | Noticed Dowan
  5042 | D:5      | Reached XP level 6. HP: 44/44 MP: 3/10
  5073 | D:6      | Gained mutation: Your magical capacity is low. (-10% MP)
                  | [potion of mutation]
  5073 | D:6      | Gained mutation: You passively dampen the noise of your
                  | surroundings. [potion of mutation]
  5371 | D:6      | Lost mutation: Your magical capacity is low. (-10% MP)
                  | [potion of mutation]
  5371 | D:6      | Gained mutation: Your body sometimes deteriorates upon
                  | taking damage. [potion of mutation]
  5371 | D:6      | Gained mutation: You have hidden genetic potential. [potion
                  | of mutation]
  5466 | D:6      | Reached XP level 7. HP: 47/52 MP: 11/11
  5616 | D:6      | Reached skill level 5 in Earth Magic
  5853 | D:6      | Found a burning altar of Makhleb.
  5864 | D:5      | Noticed Duvessa
  6124 | D:5      | Killed Duvessa
  6134 | D:4      | Gained mutation: You have a pair of small horns on your
                  | head. [hidden potential]
  6237 | D:5      | Killed Dowan
  6404 | D:5      | Found a stormy altar of Qazlal.
  6528 | D:5      | Found a transporter.
  6530 | D:5      | Noticed JamezByez's ghost (amateur MiBe)
  6617 | D:5      | Reached skill level 5 in Conjurations
  6702 | D:5      | Found a transporter.
  6853 | D:6      | Reached XP level 8. HP: 60/60 MP: 1/12
  7230 | D:6      | Noticed a cyclops
  7285 | D:7      | Gained mutation: You are agile. (Dex +2) [hidden potential]
  7285 | D:7      | Lost mutation: You have hidden genetic potential. [hidden
                  | potential expressed]
  7449 | D:7      | Found a staircase to the Ecumenical Temple.
  7465 | D:7      | Reached skill level 5 in Fighting
  7472 | Temple   | Entered the Ecumenical Temple
  8573 | D:7      | Reached XP level 9. HP: 67/69 MP: 9/13
  8839 | D:8      | Noticed Maurice
  8941 | D:8      | Noticed Pikel
  9545 | D:8      | Noticed Psyche
  9553 | D:8      | Killed Psyche
  9832 | D:8      | Found a shimmering blue altar of Sif Muna.
  9833 | D:8      | Found an ancient bone altar of Kikubaaqudgha.
  9834 | D:8      | Found a radiant altar of Vehumet.
  9840 | D:8      | Became a worshipper of Kikubaaqudgha
  9878 | D:8      | Reached skill level 5 in Spellcasting
  9878 | D:8      | Reached skill level 1 in Necromancy
 10030 | D:8      | Noticed Grum
 10044 | D:8      | Reached skill level 2 in Necromancy
 10046 | D:8      | Killed Grum
 10047 | D:8      | Gained mutation: Your movements are slightly less
                  | encumbered by armour. (ER -2) [demonic ancestry]
 10047 | D:8      | Reached XP level 10. HP: 43/80 MP: 11/18
 10420 | D:8      | Killed Pikel
 10421 | D:8      | Reached skill level 3 in Necromancy
 10518 | D:8      | Noticed Harold
 10757 | D:9      | Found a hazy altar of Hepliaklqana.
 10891 | D:9      | Noticed a death yak
 10901 | D:9      | Noticed a death yak
 10922 | D:9      | Killed a death yak
 10923 | D:9      | Reached skill level 1 in Short Blades
 10923 | D:9      | Reached skill level 4 in Necromancy
 11259 | D:9      | Found a staircase to the Lair.
 11756 | D:9      | Noticed a death yak
 11784 | D:9      | Killed a death yak
 11805 | D:9      | Reached skill level 5 in Necromancy
 12005 | D:9      | Killed a death yak
 12143 | D:10     | Entered Level 10 of the Dungeon
 12203 | D:10     | Reached * piety under Kikubaaqudgha
 12203 | D:10     | Received a gift from Kikubaaqudgha
 12286 | D:10     | Found a sacrificial altar of Ru.
 12434 | D:10     | Gained mutation: Your touch may inflict minor irresistible
                  | damage on your foes. [demonic ancestry]
 12434 | D:10     | Reached XP level 11. HP: 60/89 MP: 1/21
 12754 | D:10     | Reached skill level 6 in Necromancy
 12825 | D:10     | Identified the +10 rapier of Viacas {protect, rC- Str+4}
 12961 | D:10     | Found a shadowy altar of Dithmenos.
 13047 | D:10     | Found Visyecs's Weapon Shoppe.
 13071 | D:10     | Learned a level 5 spell: Borgnjor's Vile Clutch
 13516 | D:10     | Noticed a two-headed ogre
 13531 | D:10     | Killed a two-headed ogre
 13672 | D:10     | Found a hide-covered altar of Uskayaw.
 13725 | D:11     | Noticed a two-headed ogre
 13800 | D:11     | Killed a two-headed ogre
 14106 | Lair:1   | Entered Level 1 of the Lair of Beasts
 14118 | Lair:1   | Reached skill level 10 in Fighting
 14118 | Lair:1   | Reached skill level 7 in Necromancy
 14591 | Lair:1   | Noticed an oklob plant
 14611 | Lair:1   | Found a shimmering blue altar of Sif Muna.
 14612 | Lair:1   | Killed an oklob plant
 15190 | Lair:1   | Noticed an oklob plant
 15191 | Lair:1   | Noticed an oklob plant
 15191 | Lair:1   | Noticed an oklob plant
 15191 | Lair:1   | Noticed an oklob plant
 15370 | Lair:1   | Killed an oklob plant
 15571 | Lair:1   | Killed an oklob plant
 15809 | Lair:1   | Killed an oklob plant
 15811 | Lair:1   | Killed an oklob plant
 15812 | Lair:1   | Reached skill level 8 in Necromancy
 16335 | Lair:2   | Found a hole to the Spider Nest.
 16622 | Lair:2   | Reached ** piety under Kikubaaqudgha
 16688 | Lair:2   | Gained mutation: Your movements are less encumbered by
                  | armour. (ER -4) [demonic ancestry]
 16688 | Lair:2   | Reached XP level 12. HP: 80/98 MP: 7/23
 16889 | Lair:2   | Noticed Fannar
 16909 | Lair:2   | Killed Fannar
 17095 | Lair:2   | Noticed a death yak
 17101 | Lair:2   | Noticed a death yak
 17102 | Lair:2   | Noticed a death yak
 17102 | Lair:2   | Noticed a death yak
 17106 | Lair:2   | Noticed a death yak
 17112 | Lair:2   | Noticed a death yak
 17116 | Lair:2   | Killed a death yak
 17117 | Lair:2   | Reached skill level 9 in Necromancy
 17121 | Lair:2   | Killed a death yak
 17124 | Lair:2   | Killed a death yak
 17129 | Lair:2   | Killed a death yak
 17155 | Lair:2   | Killed a death yak
 17161 | Lair:2   | Killed a death yak
 17529 | Lair:2   | Found a blossoming altar of Fedhas.
 17545 | Lair:2   | Noticed Nergalle
 17600 | Lair:2   | Killed Nergalle
 17601 | Lair:2   | Reached skill level 10 in Earth Magic
 17950 | Lair:2   | Reached skill level 10 in Necromancy
 18730 | Lair:3   | Found a gate leading to a gauntlet.
 18739 | Gauntlet | Entered a Gauntlet
 18739 | Gauntlet | Noticed a quicksilver ooze
 18739 | Gauntlet | Found a transporter.
 18755 | Gauntlet | Found a transporter.
 18755 | Gauntlet | Noticed a dire elephant
 18772 | Gauntlet | Found a transporter.
 18775 | Gauntlet | Found a transporter.
 18787 | Gauntlet | Found a transporter.
 18805 | Gauntlet | Found a transporter.
 18824 | Gauntlet | Found a transporter.
 18824 | Gauntlet | Found a transporter.
 18825 | Gauntlet | Found a transporter.
 18825 | Gauntlet | Found a transporter.
 18827 | Gauntlet | Found a runed translucent gate.
 18827 | Gauntlet | Found a runed translucent gate.
 18833 | Gauntlet | Found a transporter.
 18841 | Gauntlet | Noticed a dire elephant
 18843 | Gauntlet | Found a runed translucent gate.
 18864 | Gauntlet | Found a transporter.
 18933 | Gauntlet | Identified the ring "Jureus" {*Corrode rC+ Will+ Str+2}
 18968 | Gauntlet | Identified the ring of Eternal Harmony {Ice *Corrode Dex+7}
 18994 | Gauntlet | Noticed a minotaur
 19000 | Gauntlet | Killed a minotaur
 19119 | Gauntlet | Identified the +7 mace of Fuzuntof {venom, rElec rC- MP+9
                  | SInv}
 19138 | Lair:3   | Found a dark tunnel.
 19151 | Volcano  | Entered a volcano
 19880 | Volcano  | Reached XP level 13. HP: 104/104 MP: 14/26
 20078 | Volcano  | Noticed an orb of fire
 20101 | Volcano  | Noticed an orb of fire
 20120 | Volcano  | Reached skill level 11 in Necromancy
 20526 | Volcano  | Reached *** piety under Kikubaaqudgha
 20526 | Volcano  | Received a gift from Kikubaaqudgha
 20534 | Volcano  | Learned a level 6 spell: Death Channel
 20654 | Volcano  | Learned a level 4 spell: Dispel Undead
 21203 | Lair:3   | Reached skill level 10 in Spellcasting
 21450 | Lair:3   | Reached skill level 5 in Dodging
 22384 | Lair:4   | Reached skill level 12 in Necromancy
 22394 | Lair:4   | Found a hazy altar of Hepliaklqana.
 22527 | Lair:4   | Learned a level 4 spell: Animate Dead
 22611 | Lair:4   | Reached **** piety under Kikubaaqudgha
 22945 | Lair:4   | Found a runed translucent door.
 22947 | Lair:4   | Noticed Aluic's ghost (adept MiBe)
 23181 | Lair:4   | Reached skill level 1 in Summonings
 24865 | Lair:5   | Found a staircase to the Slime Pits.
 24985 | Lair:5   | Reached skill level 5 in Summonings
 24985 | Lair:5   | Reached XP level 14. HP: 71/113 MP: 25/29
 25974 | Lair:6   | Entered Level 6 of the Lair of Beasts
 26228 | Lair:6   | Reached ***** piety under Kikubaaqudgha
 27246 | Lair:6   | Noticed Snorg
 27263 | Lair:6   | Killed Snorg
 27879 | Lair:6   | Reached skill level 10 in Summonings
 28183 | Lair:6   | Got the Reference Book on Creative Moulding
 28192 | Lair:6   | Learned a level 7 spell: Haunt
 28783 | Lair:3   | Gained mutation: A meltable icy envelope protects you from
                  | harm. (AC +4) [demonic ancestry]
 28783 | Lair:3   | Reached XP level 15. HP: 77/122 MP: 13/31
 28998 | Lair:3   | Found a staircase to the Shoals.
 29815 | D:11     | Found Lieck's Jewellery Shoppe.
 29824 | D:11     | Bought the ring of the Mage {Wiz Archmagi} for 765 gold
                  | pieces
 29824 | D:11     | Found the ring of the Mage {Wiz Archmagi}
 30330 | D:12     | Found a staircase to the Orcish Mines.
 31245 | D:12     | Reached ****** piety under Kikubaaqudgha
 31990 | D:12     | Upgraded the game from 0.28-a0-1234-g826d19b2e0 to
                  | 0.28-a0-1235-g7c8fac35f0
 32491 | Orc:1    | Entered Level 1 of the Orcish Mines
 32491 | Orc:1    | Found Unirut's Antique Weapon Shop.
 32753 | Orc:1    | Noticed an orc warlord
 33007 | D:12     | Identified 2 scrolls of acquirement
 33008 | D:12     | Acquired Ymiuhuac's Papyrus of Dark Secrets
 33010 | D:12     | Acquired 583 gold pieces
 33019 | Orc:1    | Killed an orc warlord
 33020 | Orc:1    | Reached skill level 13 in Necromancy
 33140 | Orc:2    | Entered Level 2 of the Orcish Mines
 33388 | Orc:2    | Found Enyn Nox's Distillery.
 33709 | Orc:2    | Found a staircase to the Elven Halls.
 34052 | Orc:2    | Found Ziag's Jewellery Shop.
 34220 | Orc:2    | Noticed an orc warlord
 34267 | Orc:2    | Killed an orc warlord
 34546 | Orc:2    | Found Zyitohaf's Antique Weapon Boutique.
 34556 | Orc:2    | Found Past's Antique Armour Shop.
 34571 | Orc:2    | Lost mutation: Your body sometimes deteriorates upon taking
                  | damage. [potion of mutation]
 34571 | Orc:2    | Lost mutation: You are agile. (Dex +2) [potion of mutation]
 34571 | Orc:2    | Gained mutation: Your flesh is cold resistant. (rC+)
                  | [potion of mutation]
 35416 | D:13     | Found the macabre finger necklace {rN+}
 35743 | D:13     | Noticed Nessos
 35744 | D:13     | Noticed Nessos
 35744 | D:13     | Nessos changed into Nessos the manticore
 35751 | D:13     | Killed Nessos the manticore
 36306 | D:14     | Reached skill level 14 in Necromancy
 36335 | D:14     | Found a gate to the Vaults.
 36675 | D:14     | Noticed Jorgrun
 36690 | D:14     | Killed Jorgrun
 36691 | D:14     | Reached XP level 16. HP: 86/131 MP: 25/32
 36764 | D:14     | Learned a level 7 spell: Monstrous Menagerie
 37116 | D:15     | Entered Level 15 of the Dungeon
 37382 | D:15     | Found a staircase to the Depths.
 37683 | D:15     | Reached skill level 15 in Necromancy
 37954 | D:15     | Found an opulent altar of Gozag.
 38388 | Spider:1 | Entered Level 1 of the Spider Nest
 38388 | Spider:1 | Noticed Kirke
 38388 | Spider:1 | Noticed Nikola
 38781 | Shoals:1 | Entered Level 1 of the Shoals
 39420 | Shoals:1 | Identified the +3 leather armour of Protective Custody
                  | {Will+}
 39421 | Shoals:1 | Found Hew Idau's General Store.
 39429 | Shoals:1 | Bought a potion of haste for 160 gold pieces
 39465 | Shoals:1 | Reached skill level 10 in Dodging
 39733 | Shoals:1 | Noticed a kraken
 39818 | Shoals:2 | Noticed Polyphemus
 39902 | Shoals:2 | Killed Polyphemus
 40004 | Shoals:2 | Found the +2 cloak of the Thief {*Fog Slay-2 SInv Stlth+}
 40063 | Shoals:2 | Noticed Frances
 40074 | Shoals:2 | Killed Frances
 40383 | Shoals:2 | Noticed a kraken
 40628 | Shoals:2 | Killed a kraken
 40799 | Shoals:2 | Gained mutation: Your touch may inflict irresistible damage
                  | on your foes. [demonic ancestry]
 40799 | Shoals:2 | Reached XP level 17. HP: 120/140 MP: 33/33
 41108 | Shoals:3 | Noticed Ilsuiw
 41149 | Shoals:3 | Killed Ilsuiw
 41160 | Shoals:3 | Found a frozen archway.
 41171 | IceCv    | Entered an ice cave
 41251 | IceCv    | Reached skill level 15 in Fighting
 41251 | IceCv    | Reached skill level 16 in Necromancy
 42243 | Shoals:3 | Learned a level 8 spell: Infestation
 42952 | Shoals:4 | Entered Level 4 of the Shoals
 43054 | Shoals:4 | Found a flickering gateway to a bazaar.
 43065 | Bazaar   | Entered a bazaar
 43107 | Bazaar   | Found Mago's Distillery.
 43140 | Bazaar   | Found Rocam's Distillery.
 43151 | Bazaar   | Found Ruuqeng's Magic Scroll Emporium.
 43179 | Bazaar   | Found Plog's Magic Scroll Emporium.
 43188 | Bazaar   | Bought a scroll of magic mapping for 59 gold pieces
 43188 | Bazaar   | Bought 3 scrolls of amnesia for 178 gold pieces
 43208 | Bazaar   | Bought a scroll of magic mapping for 63 gold pieces
 43208 | Bazaar   | Bought a scroll of teleportation for 54 gold pieces
 43208 | Bazaar   | Bought a scroll of immolation for 63 gold pieces
 43208 | Bazaar   | Bought a scroll of teleportation for 54 gold pieces
 43208 | Bazaar   | Bought a scroll of enchant weapon for 135 gold pieces
 43224 | Bazaar   | Bought a potion of heal wounds for 55 gold pieces
 43224 | Bazaar   | Bought a potion of brilliance for 44 gold pieces
 43224 | Bazaar   | Bought a potion of invisibility for 88 gold pieces
 43224 | Bazaar   | Bought a potion of magic for 88 gold pieces
 43224 | Bazaar   | Bought a potion of ambrosia for 88 gold pieces
 43252 | Bazaar   | Bought 3 potions of heal wounds for 225 gold pieces
 43252 | Bazaar   | Bought a potion of haste for 150 gold pieces
 43252 | Bazaar   | Bought a potion of heal wounds for 75 gold pieces
 43252 | Bazaar   | Bought a potion of might for 60 gold pieces
 43252 | Bazaar   | Bought a potion of heal wounds for 75 gold pieces
 43252 | Bazaar   | Bought 2 potions of cancellation for 240 gold pieces
 43252 | Bazaar   | Bought a potion of curing for 45 gold pieces
 43461 | Shoals:4 | Noticed Donald
 43474 | Shoals:4 | Killed Donald
 43592 | Shoals:4 | Acquired the Tome of Feathers and Evil
 43622 | Shoals:4 | Reached skill level 17 in Necromancy
 44301 | Shoals:4 | Got Omedati's Catalogue of Burning Clay
 44329 | Shoals:4 | Noticed Mara
 44339 | Shoals:4 | Killed Mara
 44340 | Shoals:4 | Gained mutation: Your movements are significantly less
                  | encumbered by armour. (ER -6) [demonic ancestry]
 44340 | Shoals:4 | Reached XP level 18. HP: 149/149 MP: 6/36
 44406 | Shoals:4 | Identified a +4 demon whip of pain (a +2 vampiric demon
                  | whip bloodied by Kikubaaqudgha)
 44406 | Shoals:4 | Received a gift from Kikubaaqudgha
 44581 | Shoals:4 | Identified the ring of Untruth {rPois Str+4 Stlth+}
 44686 | Shoals:4 | Got a barnacled rune of Zot
 45127 | Vaults:1 | Entered Level 1 of the Vaults
 45137 | Vaults:1 | Reached skill level 1 in Maces & Flails
 45252 | Vaults:1 | Found Naf Zieciyf's General Store.
 45412 | Vaults:1 | Bought a scroll of immolation for 59 gold pieces
 46492 | Vaults:1 | Reached skill level 1 in Shields
 47111 | Vaults:2 | Reached skill level 5 in Maces & Flails
 48002 | Vaults:2 | Noticed Mennas
 48522 | Vaults:2 | Reached skill level 1 in Fire Magic
 48548 | Vaults:2 | You fall into a shaft and drop 2 floors!
 48610 | Vaults:4 | Acquired a +0 hat of see invisible
 48675 | Vaults:4 | Learned a level 6 spell: Summon Cactus Giant
 48839 | Vaults:3 | Gained mutation: Your touch may irresistibly damage your
                  | foes and sap their willpower. [demonic ancestry]
 48839 | Vaults:3 | Reached XP level 19. HP: 95/155 MP: 19/37
 48924 | Vaults:3 | Reached skill level 5 in Fire Magic
 49118 | Vaults:3 | Noticed Xtahua
 49129 | Vaults:3 | Killed Xtahua
 49318 | Vaults:3 | Reached skill level 1 in Armour
 49742 | Vaults:3 | Noticed Frederick
 49769 | Vaults:3 | Killed Frederick
 51728 | Vaults:2 | Reached skill level 10 in Fire Magic
 51902 | Vaults:2 | Found a staircase to the Crypt.
 52117 | Crypt:1  | Entered Level 1 of the Crypt
 53525 | Crypt:2  | Found a magical portal.
 53543 | Crypt:2  | Noticed Sojobo
 53547 | Crypt:2  | Killed from afar by a tengu reaver

Illustrated notes

Levels and vault maps discovered:
D:1:      ebering_trefoil_3fold, layout_basic, minmay_octomino_c4
D:2:      layout_rooms, fountainhead, grunt_decor_arrowhead
D:3:      minmay_general_purpose_star, layout_loops_ring, xom_redecorated,
          shapermc_ecumenical_altar_mp_ritualfount,
          gammafunk_ghost_gnarly_gnolls
D:4:      layout_layer_cave, corexii_corridor_pit,
          minmay_shop_enchanted_jewellery
D:5:      layout_cave_pools, nicolae_overflow_crystal_walls,
          gammafunk_ghost_mausoleum, uniq_duvessa
D:6:      layout_rooms, mainiacjoe_overflow_cross_hatched, serial_undead,
          serial_undead_f, serial_undead_b, serial_undead_a, serial_undead_d,
          grunt_potential
D:7:      nicolae_BIG_FREAKIN_CUBE, layout_loops_cross,
          minmay_temple_entry_slanted, minmay_misc_feat_pillars
D:8:      layout_gridville, grunt_temple_overflow_magic_moments,
          mainiacjoe_overflow_two_lobes, uniq_psyche, uniq_grum, uniq_harold,
          uniq_maurice, uniq_prince_ribbit1, uniq_pikel
D:9:      layout_roguey, lemuel_tele_altar, dpeg_lair_monsters
D:10:     layout_cave_pods, lemuel_round_altar, old_standard_altar,
          lemuel_coloured_pillars_altar, serial_shops,
          nicolae_shop_bloodbath_and_beyond
D:11:     layout_layer_cave, serial_shops, nicolae_diamond_shop
D:12:     layout_roguey, david_orc_5
D:13:     minmay_the_grid_triangle_9x9_recursive_2
          [minmay_the_grid_triangle_9x9_prize_insulated,
          minmay_the_grid_triangle_9x9_skeleton,
          minmay_the_grid_triangle_9x9_descending_squares,
          minmay_the_grid_triangle_9x9_dagger], layout_rooms, special_room
          [special_room_orc], uniq_nessos
D:14:     layout_small_grid, erik_vaults_1, uniq_jorgrun
D:15:     gammafunk_depths_entry_grave, layout_rooms, grunt_gozag_breadcrumbs
Temple:   dpeg_chambers_temple
Lair:1:   dpeg_oklob_gauntlet, layout_loops_ring, st_stairs_7,
          chequers_serial_rivers_small_a, lemuel_oklob_altar
Lair:2:   layout_long_grid, nicolae_spider_entry_non_spiders, serial_rivers,
          chequers_serial_rivers_large_a, chequers_serial_rivers_small_3,
          chequers_serial_rivers_small_3, chequers_serial_rivers_marsh,
          chequers_serial_rivers_micro_e, st_stairs_6, tgw_fedhas,
          uniq_nergalle, uniq_fannar
Lair:3:   layout_hall_layers, minmay_shoals_entry_hut, gauntlet_entry_generic,
          nicolae_volcano_entry_hallway, roderic_carrion_pond,
          serial_bayou_shore_a, grunt_megastairs_1, lemuel_fruit_tree
Lair:4:   layout_long_grid, ebering_ghost_inner_flame, basic_altar,
          fungi_pond_lemuel, st_stairs_12, nicolae_lair_lil_pond
Lair:5:   statuecave_lemuel, layout_cave_pods, nicolae_slime_entry_slimehenge,
          nicolae_lair_grove_arrangements, kilobyte_rumbling_trees
Lair:6:   hangedman_lair_in_review, layout_regular_city,
          guppyfry_lair_end_dragon, uniq_snorg
Shoals:1: layout_shoals, serial_shops, nicolae_square_shop
Shoals:2: layout_shoals, uniq_polyphemus, uniq_frances
Shoals:3: cheibrodos_shoals_roost, layout_shoals,
          portal_ice_cave_entry_pillars_four, uniq_ilsuiw
Shoals:4: shoals_end_grunt_ice, layout_shoals, serial_shops, freezing_bzr,
          uniq_mara, uniq_donald
Spider:1: layout_spider_delve, drop_trap, uniq_kirke, uniq_rupert, uniq_nikola
Orc:1:    layout_caves, serial_shops, shop_fountains
Orc:2:    grunt_orc_community_town_hall, layout_diamond_mine,
          grunt_orc_community_big_house_1, grunt_orc_community_big_house_2,
          grunt_orc_community_house_2, grunt_orc_community_house_3,
          grunt_orc_community_house_3, grunt_orc_community_house_2,
          grunt_orc_community_house_1, grunt_orc_community_house_3
Vaults:1: hangedman_vaults_unwind, v_alt_pattern_4,
          nicolae_vaults_little_squares_3, nicolae_vaults_diagonal_hallway_8,
          vaults_room_large_hall, v_alt_pattern_5, vaults_room_door_hall,
          v_misc_25, ontoclasm_vaults_ring_small, v_alt_pattern_4, v_misc_12,
          vaults_room_hangedman_quadrants, nicolae_vaults_rhombus_6,
          vaults_dpeg_ring, v_misc_24, layout_vaults_omnibox, serial_shops, shop
Vaults:2: nicolae_vaults_network_star, v_misc_28, nicolae_vaults_triangles,
          minmay_crypt_entry_simple_plaza, v_misc_5, v_rooms_2,
          vaults_mumra_minichess, hangedman_vaults_impose,
          ontoclasm_vaults_hangar, st_smaller_cells, layout_vaults_ring,
          uniq_mennas
Vaults:3: v_alt_pattern_1, ontoclasm_vaults_ring_square,
          ontoclasm_vaults_claustrophobia, ontoclasm_vaults_ring_large,
          nicolae_vaults_asterisk, hangedman_vaults_nails,
          hangedman_vaults_corner, v_misc_8, nicolae_vaults_diagonal_hallway_9,
          v_alt_pattern_3, serial_ice_b, dpeg_vaults_monster_box,
          ontoclasm_vaults_pinch, ontoclasm_vaults_shuriken,
          hangedman_vaults_slice, layout_vaults_maze_snakey, uniq_frederick,
          uniq_xtahua
Vaults:4: dpeg_vaults_waves, nicolae_vaults_little_ls, vaults_room_hallway,
          nicolae_vaults_circle_grid_b, ontoclasm_vaults_chip, v_misc_14,
          ontoclasm_vaults_chip, nicolae_vaults_border_crossing, v_misc_17,
          layout_vaults_chaotic_city, serial_shops, shop
Crypt:1:  layout_regular_city
Crypt:2:  layout_gridlike, infiniplex_enter_wizlab_glasses, uniq_sojobo,
          uniq_margery

Skill      XL: |  1  2  3  4  5  6  7  8  9 10 11 12 13 14 15 16 17 18 19 |
---------------+----------------------------------------------------------+-----
Conjurations   | 1 2 3 4 5 6 |  6.6
Earth Magic    | 3 4 5 6 7 9 10 | 10.3
Spellcasting   | 3 5 7 9 11 12 14 | 14.6
Fighting       | 2 3 4 6 7 9 10 11 12 13 14 15 | 15.0
Dodging        | 2 3 6 7 8 10 12 | 12.9
Necromancy     | 2 5 8 10 12 14 15 17 | 17.3
Short Blades   | 3 4 |  4.5
Summonings     | 5 10 13 14 | 14.4
Maces & Flails | 5 |  5.6
Shields        | 4 |  4.0
Fire Magic     | 4 10 | 10.8
Armour         | 4 |  4.8
Stealth        | |  1.7
Transmutations | |  0.8

Action                   |  1- 3 |  4- 6 |  7- 9 | 10-12 | 13-15 | 16-18 | 19-21 || total
-------------------------+-------+-------+-------+-------+-------+-------+-------++-------
Melee: Unarmed           |    33 |       |       |       |       |       |       ||    33
       Dagger            |   150 |   157 |   277 |   382 |   448 |   399 |       ||  1813
       Spear             |    12 |       |       |       |       |       |       ||    12
       Headbutt          |       |       |    55 |    78 |   146 |   101 |    15 ||   395
       Touch             |       |       |       |    64 |   138 |   114 |    33 ||   349
       Staff             |       |       |       |       |   199 |       |       ||   199
       Demon whip        |       |       |       |       |       |   101 |    99 ||   200
 Cast: Sandblast         |    46 |    16 |    23 |    13 |     4 |       |       ||   102
       Stone Arrow       |       |     9 |    78 |    99 |    26 |       |       ||   212
       Borgnjor's Vile C |       |       |       |    70 |   258 |   137 |    15 ||   480
       Death Channel     |       |       |       |       |    49 |    16 |       ||    65
       Animate Dead      |       |       |       |       |    16 |    10 |     1 ||    27
       Haunt             |       |       |       |       |    31 |    86 |    22 ||   139
       Dispel Undead     |       |       |       |       |     8 |    19 |    59 ||    86
       Monstrous Menager |       |       |       |       |       |    50 |     9 ||    59
       Infestation       |       |       |       |       |       |    52 |    16 ||    68
       Summon Cactus Gia |       |       |       |       |       |     2 |       ||     2
Invok: Receive Corpses   |       |       |       |       |     1 |     6 |       ||     7
       Brand Weapon With |       |       |       |       |       |     1 |       ||     1
Evoke: Wand              |       |       |     4 |       |     1 |       |       ||     5
  Use: Scroll            |     2 |     2 |     5 |     7 |    14 |    28 |     4 ||    62
       Potion            |       |     7 |     2 |     1 |     2 |     8 |     9 ||    29
 Stab: Sleeping          |     1 |       |     3 |       |     1 |     3 |       ||     8
       Distracted        |       |     1 |       |       |     3 |     7 |     1 ||    12
Armor: Robe              |    89 |    59 |   105 |    56 |       |       |       ||   309
       Skin              |       |    26 |     1 |       |       |       |       ||    27
       Acid dragon scale |       |       |       |    68 |   270 |       |       ||   338
       Troll leather arm |       |       |       |       |    89 |   190 |     4 ||   283
       Fire dragon scale |       |       |       |       |       |       |    96 ||    96
Dodge: Dodged            |   177 |   130 |   234 |   253 |   596 |   500 |   142 ||  2032
Block: Other             |       |    15 |    59 |    57 |   143 |    93 |    34 ||   401

Table legend: (Time is in decaauts)
 A = Elapsed time spent in this place.
 B = Non-inter-level travel time spent in this place.
 C = Inter-level travel time spent in this place.
 D = Time resting spent in this place.
 E = Time spent auto-exploring this place.
 F = Levels seen in this place.
 G = Mean time per level.
                   A        B        C        D        E       F      G
               +--------+--------+--------+--------+--------+-----+--------+
         Total |  53812 |  50577 |   3235 |   6260 |  35155 |  39 | 1379.8 |
       Dungeon |  21243 |  19692 |   1551 |   2851 |  13415 |  15 | 1416.2 |
        Temple |    282 |    271 |     11 |      0 |    263 |   1 |  282.0 |
          Lair |  13603 |  12756 |    847 |   1175 |   9775 |   6 | 2267.2 |
        Shoals |   5442 |   5033 |    409 |    343 |   3343 |   4 | 1360.5 |
   Spider Nest |      1 |      1 |      0 |      0 |      0 |   1 |    1.0 |
  Orcish Mines |   2297 |   2198 |     99 |      0 |   1702 |   2 | 1148.5 |
        Vaults |   6370 |   6081 |    289 |   1026 |   3879 |   4 | 1592.5 |
         Crypt |   1427 |   1402 |     25 |      0 |   1196 |   2 |  713.5 |
        Bazaar |    200 |    200 |      0 |      0 |    112 |   1 |  200.0 |
      Ice Cave |    917 |    917 |      0 |      0 |    588 |   1 |  917.0 |
       Volcano |   1644 |   1644 |      0 |    738 |    723 |   1 | 1644.0 |
      Gauntlet |    381 |    381 |      0 |    127 |    158 |   1 |  381.0 |
               +--------+--------+--------+--------+--------+-----+--------+

Top non-repeatable levels by time:
  Lair:2: 3334 daAuts
Vaults:1: 2800 daAuts
  Lair:6: 2467 daAuts
    D:12: 2252 daAuts
     D:8: 2174 daAuts
  Lair:1: 2078 daAuts
  Lair:3: 2051 daAuts
  Lair:5: 2047 daAuts
Vaults:2: 2044 daAuts
     D:1: 1983 daAuts
   Orc:2: 1871 daAuts
    D:10: 1664 daAuts
 Volcano: 1644 daAuts
  Lair:4: 1624 daAuts
Shoals:4: 1582 daAuts
